 Dungeon Crawl Stone Soup version 0.17-a0-1572-g7a1422d (console) character file.

10691 Monkaria the Protected (level 11, -3/92 HPs)
             Began as a Deep Dwarf Berserker on July 26, 2015.
             Was a Priest of Trog.
             Slain by a minotaur
             ... wielding the +9 battleaxe "Togaidd" {chop, +Inv MR- Stlth+}
              (10 damage)
             ... in a labyrinth.
             The game lasted 00:33:23 (10325 turns).

Monkaria the Protected (Deep Dwarf Berserker)      Turns: 10325, Time: 00:33:23

Health: -3/92      AC: 11    Str: 22    XL:     11   Next: 39%
Magic:  8/8        EV: 14    Int:  8    God:    Trog [***...]
Gold:   242        SH:  8    Dex: 17    Spells: 0 memorised, 10 levels left

rFire  . . .     SeeInvis +     R - +0 trident (vamp)
rCold  . . .     Clarity  .     q - +0 ring mail (curse)
rNeg   + . .     SustAt   .     S - +2 buckler
rPois  .         Gourm    .     y - +2 helmet {SInv}
rElec  .         Spirit   .     (no cloak)
rCorr  .         Warding  .     (no gloves)
rMut   .         Stasis   .     (no boots)
MR     +....                    (no amulet)
Stlth  +.........               F - ring of positive energy
                                t - +3 ring of dexterity

@: exhausted, non-regenerating, slowed, very slow, somewhat resistant to hostile
enchantments, very unstealthy
A: damage resistance, recharge devices, sense surroundings 2, slow healing 3
a: Device Recharging, Burn Spellbooks, Berserk, Trog's Hand, Renounce Religion


You were in a labyrinth.
You worshipped Trog.
Trog was most pleased with you.
You were not hungry.

You visited 2 branches of the dungeon, and saw 12 of its levels.
You also visited: Labyrinth.

You collected 480 gold pieces.
You spent 238 gold pieces at shops.

Inventory:

Hand weapons
 w - a +1 blowgun
 G - a +0 war axe
 K - a +2 falchion of flaming
 R - a +0 vampiric trident (weapon)
Missiles
 b - 7 tomahawks (quivered)
 l - 3 throwing nets
 v - 19 poisoned needles
Armour
 q - a cursed +0 ring mail (worn)
 y - a +2 helmet of see invisible (worn)
 S - a +2 buckler (worn)
Jewellery
 a - an uncursed ring of magical power {unknown}
 g - an uncursed ring of flight
 t - a +3 ring of dexterity (left hand)
 F - a ring of positive energy (right hand)
 Q - an uncursed ring of protection from fire
Magical devices
 c - a wand of heal wounds (1)
 h - a wand of disintegration (5)
 o - a wand of lightning (6)
 r - a wand of fire (8)
 x - a wand of frost (23)
 H - a wand of random effects (12)
 N - a wand of slowing (21)
Scrolls
 j - a scroll of teleportation
 k - a scroll of magic mapping
 s - 2 scrolls of remove curse
 u - a scroll of fear
Potions
 e - 4 potions of might
 f - 2 potions of agility
 p - 8 potions of curing
 z - 2 potions of heal wounds
 A - 2 potions of flight
 C - 2 potions of haste {unknown}
 D - 2 potions of cure mutation {unknown}
 T - a potion of experience {unknown}
 U - a potion of ambrosia {unknown}
 V - a potion of degeneration {unknown}
Comestibles
 d - 4 bread rations
 m - 7 meat rations


   Skills:
 - Level 4.1 Fighting
 + Level 11.3 Axes
 - Level 13.5 Armour
 - Level 5.2 Dodging
 - Level 6.2 Shields


You had 10 spell levels left.
You didn't know any spells.

Dungeon Overview and Level Annotations

Branches:
Dungeon (11/15)            Temple (1/1) D:4            Lair (0/8) D:8
    Orc: D:9-12

Altars:
Ashenzari
Cheibriados
Dithmenos
Elyvilon
Fedhas
Gozag
Kikubaaqudgha
Makhleb
Nemelex Xobeh
Okawaru
Qazlal
Ru
Sif Muna
Trog
Vehumet
Xom
Yredelemnul
The Shining One

Shops:
D:4 *!*%   D:7 }   D:9 *   D:10 [


Innate Abilities, Weirdness & Mutations

You are resistant to damage.
You can recharge devices by infusing magical energy.
You passively map the area around you.
You do not heal naturally.


Message History

* * * LOW HITPOINT WARNING * * *
x2 The minotaur closely misses you.
You barely miss the minotaur.
The minotaur is almost dead.
You feel the effects of Trog's Hand fading.
The minotaur closely misses you. The minotaur completely misses you.
You hit the minotaur but do no damage.
The minotaur is almost dead.
The minotaur hits you with an encrusted battleaxe!!
* * * LOW HITPOINT WARNING * * *
x2 The minotaur gores you but does no damage.
You hit the minotaur.
You feel better.
The minotaur is almost dead.
The minotaur misses you. You block the minotaur's attack.
You hit the minotaur but do no damage.
The minotaur is almost dead.
Your skin stops crawling.
You feel less resistant to hostile enchantments.
The minotaur hits you with an encrusted battleaxe!
You die...

## #.#. .# #
.. #.# .# # ##
.. # #.#####.#
# .#....
#.####.... . #
#.......######
. ####
#@H(..<#. ###
#.######. #..
.... #
..#.....#.
###.###.## #.#
#.# ## #..


You could see a minotaur.

Vanquished Creatures
  A hydra (D:8)
  An unseen horror (D:10)
  The ghost of Monkaria the Cleaver, an experienced DDBe of Trog (D:6)
  A hill giant (D:11)
  The ghost of FIQ the Basher, an experienced OgWn (D:5)
  Joseph (D:7)
  4 gargoyles (Lab)
  A kobold demonologist (D:9)
  2 trolls (D:8)
  A deep elf mage (D:9)
  A wraith (D:7)
  A wyvern (D:9)
  2 yaks (D:8)
  2 hippogriffs
  Eustachio (D:6)
  Grum (D:8)
  2 wolves (D:8)
  2 sky beasts
  4 ogres
  An ice beast (D:9)
  2 necrophages (D:7)
  5 orc warriors
  2 black bears (D:7)
  An elf zombie (D:7)
  3 centaurs
  4 big kobolds
  2 giant frogs (D:6)
  2 crocodiles (D:8)
  A gnoll sergeant (D:9)
  A troll zombie (D:7)
  A wight (D:7)
  4 scorpions
  3 crimson imps
  6 orc priests
  A giant frog zombie (D:5)
  4 jellies
  A quasit (D:8)
  5 hounds
  3 giant frog skeletons
  6 human zombies (D:7)
  14 orc wizards
  8 worker ants
  2 sheep (D:8)
  A hound zombie (D:6)
  A hound skeleton (D:4)
  2 worker ant zombies
  Robin (D:4)
  12 adders
  7 gnolls
  A shadow imp (D:8)
  An ooze (D:6)
  An adder zombie (D:8)
  3 worms
  3 giant geckos
  45 orcs
  15 bats
  A bat skeleton (D:4)
  3 giant cockroaches
  17 hobgoblins
  10 jackals
  4 quokkas
  A ball python (D:2)
  A giant gecko skeleton (D:6)
  A giant gecko zombie (D:8)
  3 giant newts
  21 goblins
  18 kobolds
  14 rats
  A plant (D:2)
300 creatures vanquished.

Notes
Turn   | Place    | Note
--------------------------------------------------------------
     0 | D:1      | Monkaria the Deep Dwarf Berserker began the quest for the Orb.
     0 | D:1      | Reached XP level 1. HP: 20/20 MP: 1/1
    81 | D:1      | Reached XP level 2. HP: 21/28 MP: 2/2
   731 | D:2      | Acquired Trog's second power
   995 | D:2      | Found a sacrificial altar of Ru.
  1095 | D:2      | Reached XP level 3. HP: 12/36 MP: 3/3
  1358 | D:2      | Reached skill level 4 in Fighting
  1804 | D:3      | Reached XP level 4. HP: 41/44 MP: 4/4
  2382 | D:4      | Found a snail-covered altar of Cheibriados.
  2390 | D:4      | Found a staircase to the Ecumenical Temple.
  2430 | Temple   | Entered the Ecumenical Temple
  2609 | D:4      | Reached skill level 5 in Axes
  2609 | D:4      | Reached XP level 5. HP: 25/50 MP: 5/5
  2642 | D:4      | Found a radiant altar of Vehumet.
  2647 | D:4      | Found a basalt altar of Yredelemnul.
  2757 | D:4      | Found Raxkoum Lonk's Assorted Antiques.
  2764 | D:4      | Reached skill level 6 in Axes
  2781 | D:4      | Reached XP level 6. HP: 57/57 MP: 6/6
  2795 | D:4      | Bought a red potion for 15 gold pieces
  2795 | D:4      | Bought a fizzy red potion for 15 gold pieces
  2795 | D:4      | Bought a runed helmet for 76 gold pieces
  2844 | D:4      | Found Ahag's Distillery.
  2853 | D:4      | Bought a potion of curing for 33 gold pieces
  2853 | D:4      | Bought a potion of agility for 44 gold pieces
  2853 | D:4      | Bought a potion of heal wounds for 55 gold pieces
  3245 | D:4      | Noticed Robin
  3255 | D:4      | Reached skill level 7 in Axes
  3258 | D:4      | Killed Robin
  3262 | D:4      | Found Fucvugae's General Store.
  3365 | D:4      | Found Keetih's Food Boutique.
  3409 | D:4      | You fall through a shaft for 3 floors!
  3480 | D:7      | Reached skill level 8 in Axes
  3480 | D:7      | Reached XP level 7. HP: 31/64 MP: 7/7
  3611 | D:7      | Found a bloodstained altar of Trog.
  3672 | D:7      | Reached skill level 9 in Axes
  3704 | D:7      | Noticed a wraith
  3743 | D:7      | Killed a wraith
  3743 | D:7      | Reached skill level 10 in Axes
  3743 | D:7      | Reached XP level 8. HP: 38/72 MP: 8/8
  4010 | D:7      | Found an ancient bone altar of Kikubaaqudgha.
  4039 | D:7      | Reached skill level 11 in Axes
  4140 | D:7      | Noticed a hippogriff
  4156 | D:7      | Killed a hippogriff
  4197 | D:7      | Noticed Joseph
  4232 | D:7      | Killed Joseph
  4360 | D:7      | Found Podwil's Gadget Emporium.
  4668 | D:6      | Noticed Eustachio
  4681 | D:6      | Gained mutation: You passively map the area around you. [Deep Dwarf growth]
  4681 | D:6      | Reached XP level 9. HP: 78/78 MP: 8/8
  4691 | D:6      | Killed Eustachio
  4737 | D:6      | Noticed Monkaria's ghost (experienced DDBe)
  4753 | D:5      | Entered Level 5 of the Dungeon
  4830 | D:5      | Found an iron altar of Okawaru.
  4872 | D:5      | Noticed FIQ's ghost (experienced OgWn)
  4904 | D:5      | Killed FIQ's ghost
  6352 | D:6      | Killed Monkaria's ghost
  6352 | D:6      | Reached skill level 10 in Armour
  6602 | D:6      | Acquired Trog's third power
  6994 | D:8      | Found a shattered altar of Ashenzari.
  7002 | D:8      | Found a white marble altar of Elyvilon.
  7064 | D:8      | Reached XP level 10. HP: 22/85 MP: 9/9
  7523 | D:8      | Found a staircase to the Lair.
  7616 | D:8      | Reached skill level 12 in Armour
  7674 | D:8      | Noticed a three-headed hydra
  7678 | D:8      | Killed a one-headed hydra
  7680 | D:8      | Reached skill level 13 in Armour
  7740 | D:8      | Noticed Grum
  7773 | D:8      | Killed Grum
  8259 | D:9      | Found a basalt altar of Yredelemnul.
  8264 | D:9      | Found Gicinuz's Wicked Wares.
  8296 | D:9      | Found an opulent altar of Gozag.
  8399 | D:9      | Reached skill level 5 in Dodging
  8743 | D:10     | Entered Level 10 of the Dungeon
  8914 | D:10     | Reached skill level 1 in Shields
  8914 | D:10     | Reached XP level 11. HP: 66/92 MP: 10/10
  8961 | D:10     | Found Zyoted's Antique Armour Boutique.
  9033 | D:10     | Noticed an unseen horror
  9065 | D:10     | Killed an unseen horror
  9633 | D:11     | Found a labyrinth entrance.
  9717 | D:11     | Noticed a hill giant
  9726 | D:11     | Killed a hill giant
  9726 | D:11     | Reached skill level 5 in Shields
  9773 | Lab      | Entered a labyrinth
 10191 | Lab      | HP: 4/92 [gargoyle/flail of venom (11)]
 10302 | Lab      | Noticed a minotaur
 10323 | Lab      | HP: 4/92 [minotaur/encrusted battleaxe (1)]
 10325 | Lab      | Identified the +9 battleaxe "Togaidd" {chop, +Inv MR- Stlth+}
 10325 | Lab      | Slain by a minotaur

Vault maps used:
D:1:      saegor_arrival_simple_b, minmay_misc_feat_secret_circle
D:2:      nicolae_ru_the_path_less_chosen, first_bread, solitary_fountain,
          minivault_23, minmay_misc_feat_ornament, amethyst_killhole
D:4:      nicolae_overflow_hidden_temple, serial_shops,
          nicolae_shop_temple_entry_statues_fountains,
          nicolae_shop_behind_doors, nicolae_shop_behind_doors,
          nicolae_shop_stone, uniq_robin
D:5:      okawaru_trees_1, kennysheep_another_room
D:6:      uniq_eustachio
D:7:      trog_ov_bears_minmay, lemuel_mausoleum_altar_kikubaaqudgha,
          serial_shops, nicolae_shop_temple_entry_statues_fountains, uniq_joseph
D:8:      old_standard_altar, lemuel_crystal_altar, lair_0_dummy,
          hangedman_ranch, st_stairs_5, uniq_grum
D:9:      old_standard_altar, nicolae_evil_shop
D:10:     serial_shops, nicolae_shop_stone
D:11:     lab_entry_generic, uniq_nergalle, uniq_harold
Temple:   nicolae_temple_figure_zero
Lab:      labyrinth_green, nicolae_lab_quarters

Action                   |  1- 3 |  4- 6 |  7- 9 | 10-12 || total
-------------------------+-------+-------+-------+-------++-------
Melee: Hand axe          |   180 |   230 |   313 |       ||   723
       War axe           |       |       |   160 |   247 ||   407
       Falchion          |       |       |       |     4 ||     4
       Trident           |       |       |       |   283 ||   283
 Fire: Blowgun           |       |       |     6 |     5 ||    11
Throw: Tomahawk          |       |       |       |     2 ||     2
Invok: Trog's Hand       |     2 |     4 |    12 |    21 ||    39
       Berserk           |       |     4 |     9 |    13 ||    26
 Abil: Device Recharging |       |       |     1 |     2 ||     3
Evoke: Wand              |       |     1 |     6 |    10 ||    17
  Use: Scroll            |       |     8 |     3 |     7 ||    18
 Stab: Sleeping          |     4 |     1 |       |       ||     5
       Distracted        |       |     1 |     1 |       ||     2
       Fleeing           |       |       |     1 |       ||     1
  Eat: Chunk             |     3 |    11 |    20 |    24 ||    58
       Beef jerky        |       |       |     1 |       ||     1
       Pizza             |       |       |       |     2 ||     2
       Royal jelly       |       |       |       |     1 ||     1
       Bread ration      |       |       |       |     2 ||     2
